 Dungeon Crawl Stone Soup version 0.30.2 (webtiles) character file.

Game seed: 11687064316118767977

700 Ashen the Magician (level 7, -3/51 HPs)
             Began as a Gnoll Hedge Wizard on Jan 30, 2024.
             Was an Initiate of Sif Muna.
             Slain by a white imp (5 damage)
             ... on level 5 of the Dungeon.
             The game lasted 00:14:08 (5707 turns).

Ashen the Magician (Gnoll Hedge Wizard)             Turns: 5707, Time: 00:14:09

Health: -3/51      AC:  2    Str: 10    XL:     7   Next: 65%
Magic:  17/18      EV: 13    Int: 15    God:    Sif Muna [......]
Gold:   310        SH:  0    Dex: 11    Spells: 12/21 levels left

rFire   . . .        f - +4 dagger (venom)
rCold   . . .        (no shield)
rNeg    . . .        b - +0 robe
rPois   .            c - +0 hat
rElec   .            (no cloak)
rCorr   .            (no gloves)
SInv    .            (no boots)
Will    .....        s - amulet of magic regeneration
Stlth   +++          (no ring)
HPRegen 0.28/turn    (no ring)
MPRegen 0.56/turn

%: no passive effects
@: no status effects
A: fangs 1, strong nose, distributed training
a: Renounce Religion


You were on level 5 of the Dungeon.
You worshipped Sif Muna.
Sif Muna was noncommittal.
You visited 1 branch of the dungeon, and saw 5 of its levels.

You collected 310 gold pieces.

Inventory:

Hand Weapons
 f - a +4 dagger of venom (weapon)
Missiles
 n - a throwing net
Armour
 b - a +0 robe (worn)
 c - a +0 hat (worn)
Jewellery
 s - an amulet of magic regeneration (around neck)
Wands
 p - a wand of roots (5)
 v - a wand of mindburst (17)
 y - a wand of flame (12)
Scrolls
 a - a scroll of magic mapping {unknown}
 h - 4 scrolls of teleportation {unknown}
 l - 3 scrolls of blinking {unknown}
 r - a scroll of immolation {unknown}
 t - 2 scrolls of noise {unknown}
 x - 3 scrolls of fear {unknown}
Potions
 d - a potion of magic
 e - a potion of mutation {unknown}
 i - a potion of resistance {unknown}
 j - 2 potions of brilliance
 k - 3 potions of flight
 m - 3 potions of curing
 o - a potion of cancellation
 q - 2 potions of lignification
 u - 2 potions of attraction
 w - a potion of ambrosia {unknown}


   Skills:
 + Level 2.7 Fighting
 + Level 2.7 Short Blades
 + Level 2.7 Long Blades
 + Level 2.7 Axes
 + Level 2.7 Maces & Flails
 + Level 2.7 Polearms
 + Level 2.7 Staves
 + Level 2.7 Ranged Weapons
 + Level 2.7 Throwing
 + Level 2.7 Armour
 + Level 5.4 Dodging
 + Level 5.0 Stealth
 + Level 2.7 Shields
 + Level 2.7 Unarmed Combat
 + Level 7.7 Spellcasting
 + Level 3.1 Conjurations
 + Level 2.2 Hexes
 + Level 3.1 Summonings
 + Level 2.2 Necromancy
 + Level 3.1 Translocations
 + Level 2.2 Transmutations
 + Level 2.2 Fire Magic
 + Level 2.2 Ice Magic
 + Level 2.2 Air Magic
 + Level 2.2 Earth Magic
 + Level 2.2 Poison Magic
 + Level 3.0 Invocations
 + Level 2.7 Evocations


You had 12 spell levels left.
You knew the following spells:

 Your Spells              Type           Power      Damage    Failure   Level
a - Magic Dart            Conj           60%        1d6       3%          1
b - Blink                 Tloc           30%        N/A       4%          2
c - Mephitic Cloud        Conj/Pois/Air  13%        N/A       13%         3
d - Stone Arrow           Conj/Erth      26%        3d8       12%         3

Your spell library contained the following spells:

 Spells                   Type           Power      Damage    Failure   Level
 Sandblast                Erth           24%        2d8       4%          1
 Slow                     Hex            48%        N/A       4%          1
 Call Imp                 Summ           30%        N/A       4%          2
 Cigotuvi's Dreadful Rot  Necr/Pois/Air  24%        N/A       8%          2
 Passwall                 Tmut/Erth      10%        N/A       8%          2
 Confusing Touch          Hex            12%        N/A       14%         3
 Vampiric Draining        Necr           12%        2d6       14%         3
 Summon Ice Beast         Ice/Summ       13%        N/A       38%         4
 Summon Mana Viper        Hex/Summ       13%        N/A       75%         5
 Monstrous Menagerie      Summ           7%         N/A       100%        7


Dungeon Overview and Level Annotations

Branches:
Dungeon (5/15)
 Temple: D:4-7

Altars:
Gozag
Sif Muna
Uskayaw
Vehumet

Annotations:
D:4 Edmund, Menkaure
D:5 Pikel


Innate Abilities, Weirdness & Mutations

You have very sharp teeth.
Your uncanny sense of smell can sniff out nearby items.
Your experience applies equally to all skills.


Message History

The white imp is moderately wounded.
The white imp closely misses you.
You hit the white imp.
The white imp is heavily wounded.
The white imp gestures at you. The puff of frost hits you.
You barely miss the white imp.
The white imp is heavily wounded.
The white imp hits you. The white imp freezes you.
* * * LOW HITPOINT WARNING * * *
Unknown command.
Casting: Mephitic Cloud (dangerous; 13% risk of failure)
Confirm with . or Enter, or press ? or * to list all spells.
Aiming: Magic Dart (safe; 3% risk of failure)
Press: ? - help, Shift-Dir - straight line, f - white imp
Aim: a white imp (heavily wounded, 100% to hit)
The magic dart hits the white imp.
The white imp is severely wounded.
The white imp gestures at you. The puff of frost hits you!
* * * LOW HITPOINT WARNING * * *
Casting: Magic Dart (safe; 3% risk of failure)
Confirm with . or Enter, or press ? or * to list all spells.
Aiming: Magic Dart (safe; 3% risk of failure)
Press: ? - help, Shift-Dir - straight line, f/p - white imp
Aim: a white imp (severely wounded, 100% to hit)
The magic dart hits the white imp but does no damage.
The white imp is severely wounded.
The white imp hits you but does no damage.
Casting: Magic Dart (safe; 3% risk of failure)
Confirm with . or Enter, or press ? or * to list all spells.
Aiming: Magic Dart (safe; 3% risk of failure)
Press: ? - help, Shift-Dir - straight line, f/p - white imp
Aim: a white imp (severely wounded, 100% to hit)
The magic dart hits the white imp but does no damage.
The white imp is severely wounded.
The white imp hits you.
* * * LOW HITPOINT WARNING * * *
The white imp freezes you.
You die...

.# .
######.>#......
.# .
........#######
## .######.#
#.## #
####..##### #
#.........#
#.##.........#
#........[...#
###...@......#
##..5......#
#...........
#........../
#.....#####
#.....# ###.#.+
#?..#


You could see a white imp.

Vanquished Creatures
  An ogre (D:5)
  2 lemures (D:4)
  A gnoll bouda (D:5)
  2 orc priests (D:4)
  3 hounds
  Ijyb (D:4)
  5 orc wizards
  A hound skeleton (D:3)
  A hound zombie (D:3)
  11 adders
  3 gnolls (D:5)
  An adder zombie (D:3)
  An adder skeleton (D:3)
  A worm (D:2)
  A dart slug (D:4)
  24 orcs
  7 endoplasms
  A giant cockroach (D:2)
  6 goblins
  5 hobgoblins
  3 jackals (D:3)
  A quokka (D:1)
  7 ball pythons
  2 ball python zombies (D:3)
  4 bats
  4 frilled lizards
  A jackal skeleton (D:3)
  10 kobolds
  A quokka skeleton (D:3)
  A quokka zombie (D:3)
  4 rats
116 creatures vanquished.

Notes
Turn   | Place    | Note
-------+----------+-------------------------------------------
     0 | D:1      | Ashen the Gnoll Hedge Wizard began the quest for the Orb.
     0 | D:1      | Reached XP level 1. HP: 13/13 MP: 8/8
    99 | D:1      | Reached XP level 2. HP: 14/19 MP: 5/10
   692 | D:1      | Reached XP level 3. HP: 25/25 MP: 11/11
   880 | D:2      | Reached skill level 1 in Invocations
  1123 | D:2      | Reached skill level 1 in Fighting
  1123 | D:2      | Reached skill level 1 in Short Blades
  1123 | D:2      | Reached skill level 1 in Long Blades
  1123 | D:2      | Reached skill level 1 in Axes
  1123 | D:2      | Reached skill level 1 in Maces & Flails
  1123 | D:2      | Reached skill level 1 in Polearms
  1123 | D:2      | Reached skill level 1 in Staves
  1123 | D:2      | Reached skill level 1 in Ranged Weapons
  1123 | D:2      | Reached skill level 1 in Throwing
  1123 | D:2      | Reached skill level 1 in Armour
  1123 | D:2      | Reached skill level 1 in Shields
  1123 | D:2      | Reached skill level 1 in Unarmed Combat
  1123 | D:2      | Reached skill level 1 in Evocations
  1283 | D:2      | Reached XP level 4. HP: 32/32 MP: 13/13
  1490 | D:2      | Reached skill level 1 in Hexes
  1490 | D:2      | Reached skill level 1 in Necromancy
  1490 | D:2      | Reached skill level 1 in Transmutations
  1490 | D:2      | Reached skill level 1 in Fire Magic
  1490 | D:2      | Reached skill level 1 in Ice Magic
  1490 | D:2      | Reached skill level 1 in Air Magic
  1490 | D:2      | Reached skill level 1 in Earth Magic
  1490 | D:2      | Reached skill level 1 in Poison Magic
  1995 | D:3      | Reached XP level 5. HP: 35/37 MP: 10/14
  2411 | D:3      | Found an opulent altar of Gozag.
  3202 | D:3      | Found an opulent altar of Gozag.
  4076 | D:4      | Reached XP level 6. HP: 18/44 MP: 5/16
  4189 | D:4      | Learned a level 2 spell: Blink
  4193 | D:4      | Learned a level 3 spell: Mephitic Cloud
  4210 | D:4      | Learned a level 3 spell: Stone Arrow
  4221 | D:4      | Reached skill level 5 in Dodging
  4323 | D:4      | Found a radiant altar of Vehumet.
  4323 | D:4      | Found a shimmering blue altar of Sif Muna.
  4324 | D:4      | Found a hide-covered altar of Uskayaw.
  4333 | D:4      | Became a worshipper of Sif Muna the Loreminder
  4382 | D:4      | Noticed Ijyb
  4411 | D:4      | Killed Ijyb
  4585 | D:4      | Noticed Edmund
  4820 | D:4      | Noticed Menkaure
  4993 | D:5      | Entered Level 5 of the Dungeon
  5009 | D:5      | Reached XP level 7. HP: 44/51 MP: 15/18
  5356 | D:5      | Reached skill level 5 in Stealth
  5457 | D:5      | Reached * piety under Sif Muna
  5487 | D:5      | Noticed Pikel
  5707 | D:5      | HP: 2/51 [white imp (4)]
  5707 | D:5      | Slain by a white imp

Illustrated notes

Levels and vault maps discovered:
D:1:      sevenhm_arrival_forest_fort_small_4, layout_basic,
          chequers_serial_rivers_marsh
D:2:      layout_basic, grunt_decor_arrowhead, hangedman_feature_mirror
D:3:      layout_basic, nicolae_gozag_cash_rules_everything_around_me,
          serial_undead, serial_undead_b, serial_undead_b, serial_undead_a,
          serial_undead_d, serial_undead_b, serial_undead_c, serial_undead_f,
          serial_undead_c
D:4:      layout_basic, gammafunk_temple_overflow_claw, serial_aquarium,
          aquarium_bridge_straight [aquarium_subvault_bridge,
          aquarium_subvault_wall, aquarium_subvault_bridge,
          aquarium_subvault_wall], aquarium_window_1, aquarium_window_2,
          aquarium_window_fake, aquarium_window_fake, aquarium_view_2c,
          aquarium_view_2f, aquarium_balcony_double_4, uniq_menkaure, uniq_ijyb,
          uniq_edmund
D:5:      layout_rooms, enter_ossuary_2, uniq_pikel

Skill      XL: |  1  2  3  4  5  6  7 |
---------------+----------------------+-----
Conjurations   | 2 3 |  3.1
Summonings     | 2 3 |  3.1
Translocations | 2 3 |  3.1
Invocations    | 1 2 3 |  3.0
Fighting       | 1 2 |  2.7
Short Blades   | 1 2 |  2.7
Long Blades    | 1 2 |  2.7
Axes           | 1 2 |  2.7
Maces & Flails | 1 2 |  2.7
Polearms       | 1 2 |  2.7
Staves         | 1 2 |  2.7
Ranged Weapons | 1 2 |  2.7
Throwing       | 1 2 |  2.7
Armour         | 1 2 |  2.7
Shields        | 1 2 |  2.7
Unarmed Combat | 1 2 |  2.7
Evocations     | 1 2 |  2.7
Hexes          | 1 2 |  2.2
Necromancy     | 1 2 |  2.2
Transmutations | 1 2 |  2.2
Fire Magic     | 1 2 |  2.2
Ice Magic      | 1 2 |  2.2
Air Magic      | 1 2 |  2.2
Earth Magic    | 1 2 |  2.2
Poison Magic   | 1 2 |  2.2
Dodging        | 5 |  5.4
Stealth        | 5 |  5.0
Spellcasting   | |  7.7

Action                     |  1- 3 |  4- 6 |  7- 9 || total
---------------------------+-------+-------+-------++-------
  Melee: Dagger            |    49 |    81 |    80 ||   210
         Bite              |     1 |     9 |     9 ||    19
         Punch             |       |       |     4 ||     4
   Cast: Magic Dart        |    44 |    71 |    13 ||   128
         Stone Arrow       |       |    13 |     1 ||    14
         Mephitic Cloud    |       |     3 |     8 ||    11
         Blink             |       |       |     2 ||     2
  Evoke: Wand              |       |     1 |       ||     1
    Use: Scroll            |       |       |     6 ||     6
         Potion            |       |       |     1 ||     1
   Stab: Sleeping          |     4 |     5 |       ||     9
         Confused          |       |       |     4 ||     4
 Armour: Robe              |    12 |     9 |     6 ||    27
  Dodge: Dodged            |    29 |    43 |    50 ||   122
